 Dungeon Crawl Stone Soup version 0.32-a0-814-g0968bab981 (webtiles) character file.

Game seed: 16795507565605896870

89 Dittersdorf the Covered (level 4, -3/29 HPs)
             Began as a Gargoyle Fighter on Mar 22, 2024.
             Slain by a gnoll
             ... wielding a +0 halberd
              (9 damage)
             ... on level 3 of the Dungeon.
             The game lasted 00:01:50 (1178 turns).

Dittersdorf the Covered (Gargoyle Fighter)          Turns: 1178, Time: 00:01:50

Health: -3/29      AC: 11    Str: 22    XL:     4   Next: 55%
Magic:  4/4        EV: -1    Int:  8    God:
Gold:   89         SH:  4    Dex:  9    Spells: 3/3 levels left

rFire   . . .        a - +0 flail
rCold   . . .        c - +0 buckler
rNeg    + . .        b - +0 scale mail
rPois   ∞            i - +0 helmet
rElec   +            (no cloak)
rCorr   .            (no gloves)
SInv    .            (no boots)
Will    .....        (no amulet) Stlth
                     (no ring)
HPRegen 0.24/turn    (no ring)
MPRegen 0.09/turn

%: no passive effects
@: constricted
A: sickness immunity, AC +3, negative energy resistance 1, electricity
resistance, torment resistance 1, petrification resistance
a: no special abilities


You were on level 3 of the Dungeon.
You visited 1 branch of the dungeon, and saw 3 of its levels.

You collected 89 gold pieces.

Inventory:

Hand Weapons
 a - a +0 flail (weapon)
Armour
 b - a +0 scale mail (worn)
 c - a +0 buckler (worn)
 i - a +0 helmet (worn)
Scrolls
 f - a scroll of teleportation
 k - a scroll of revelation
Potions
 d - 2 potions of might
 e - a potion of enlightenment {unknown}
 g - a potion of haste {unknown}
 h - a potion of resistance
 j - a potion of berserk rage


   Skills:
 + Level 4.0 Fighting
 + Level 2.8 Maces & Flails
 + Level 4.0 Armour
 + Level 4.0 Shields


You had 3 spell levels left.
You didn't know any spells.
Your spell library contained the following spells:

 Spells                   Type           Power      Damage    Failure   Level
 Apportation              Tloc           0%         N/A       80%         1
 Necrotise                Necr           0%         1d4       80%         1
 Sting                    Conj/Alch      0%         1d3       80%         1
 Summon Small Mammal      Summ           0%         N/A       80%         1
 Mercury Vapours          Alch/Air       0%         N/A       90%         2
 Olgreb's Toxic Radiance  Alch           0%         N/A       100%        4


Dungeon Overview and Level Annotations

Branches:
Dungeon (3/15)

Altars:

Shops:
D:2 (


Innate Abilities, Weirdness & Mutations

You are immune to sickness and miasma.
Your stone body is resilient. (AC +3)
You are immune to poison.
You resist negative energy. (rN+)
You are resistant to electric shocks. (rElec)
You are resistant to unholy torment.
You are immune to petrification.


Message History

A gnoll comes into view. It is wielding a +0 halberd.
You see here a +0 chain mail.
A ball python comes into view.
The ball python hisses angrily.
The ball python attacks as it pursues you!
The ball python bites you but does no damage.
The ball python barely misses you.
The ball python attacks as it pursues you!
The ball python bites you but does no damage.
The ball python barely misses you. You block the ball python's attack.
The ball python closely misses you.
The ball python attacks as it pursues you!
The ball python closely misses you. The ball python grabs you.
The ball python constricts you.
You barely miss the ball python. The ball python completely misses you.
The ball python constricts you.
You barely miss the ball python. You block the ball python's attack.
The ball python constricts you.
The ball python bites you but does no damage.
The ball python constricts you.
The gnoll hits you from afar with a +0 halberd.
You closely miss the ball python.
The ball python bites you but does no damage.
The ball python constricts you. You block the gnoll's attack.
You hit the ball python.
The ball python is moderately wounded.
The ball python bites you but does no damage.
The ball python constricts you.
The gnoll hits you from afar with a +0 halberd!
You block the gnoll's attack.
The ball python bites you but does no damage.
The ball python constricts you.
You hit the ball python.
The ball python is severely wounded.
The gnoll hits you from afar with a +0 halberd!
* * * LOW HITPOINT WARNING * * *
The ball python bites you but does no damage.
The ball python constricts you. The gnoll hits you but does no damage.
The gnoll hits you from afar with a +0 halberd!
You die...

,,,**,,*,,,,,*,,*,*,,**,*,*,,,,,,
,,,,,,,.............,,,,*,*******
,,,,,,.............,**,,*,,,**
,,................#,###.,,,,,*
,*#.#..#........#.......*,,,,*
,##...........)...#.#.#.*,,,,*
,.......................*,*#,****
,##....#.#....g##.......,,,......
,............SgS@.#.#,*,*,,,.....
,........#....g##.#.#,,,,,,*,#.##
,*#.....[......##.#.####*,,#.#...
,*#......#..#..##.#.....,,,......
,*#..................####,,#...#.
,.[.$....................,,......
,........#..#..##....###..,......
,g..)....#.....)..........,......
,........#..#.............,......


You could see 3 gnolls and 2 ball pythons.

Vanquished Creatures
  An orc wizard (D:3)
  A ribbon worm (D:3)
  3 dart slugs
  An orc (D:3)
  7 endoplasms
  2 giant cockroaches (D:1)
  5 goblins
  6 hobgoblins
  2 jackals (D:2)
  7 kobolds
  A quokka (D:2)
  5 ball pythons
  6 bats (D:1)
  3 frilled lizards
  3 rats (D:1)
53 creatures vanquished.

Notes
Turn   | Place    | Note
-------+----------+-------------------------------------------
     0 | D:1      | Dittersdorf the Gargoyle Fighter began the quest for the
                  | Orb.
     0 | D:1      | Reached XP level 1. HP: 14/14 MP: 1/1
    27 | D:1      | Reached XP level 2. HP: 17/19 MP: 2/2
   255 | D:1      | Reached XP level 3. HP: 15/23 MP: 3/3
   602 | D:1      | You fall into a shaft and drop 1 floor!
   994 | D:2      | Reached XP level 4. HP: 29/29 MP: 4/4
   999 | D:2      | Found Qiptor's Antique Weapon Emporium.
  1178 | D:3      | Slain by a gnoll

Illustrated notes

Levels and vault maps discovered:
D:1:      elethiomel_arrival_quiet, layout_rooms, minmay_tromino_v4_b
D:2:      layout_basic, serial_shops, nicolae_shop_behind_doors,
          dreamdust_mushroom_princess, minmay_misc_feat_more_columns
D:3:      layout_basic, minitemple, gup_sewer_entry_bowl

Skill      XL: |  1  2  3  4 |
---------------+-------------+-----
Fighting       | 4 |  4.0
Armour         | 4 |  4.0
Shields        | 4 |  4.0
Maces & Flails | |  2.8

Action                     |  1- 3 |  4- 6 || total
---------------------------+-------+-------++-------
  Melee: Flail             |   129 |    35 ||   164
    Use: Scroll            |       |     4 ||     4
 Armour: Scale mail        |   147 |    60 ||   207
  Dodge: Dodged            |    67 |    29 ||    96
  Block: Buckler           |    32 |    22 ||    54

Table legend: (Time is in decaauts)
 A = Elapsed time spent in this place.
 B = Non-inter-level travel time spent in this place.
 C = Inter-level travel time spent in this place.
 D = Time resting spent in this place.
 E = Time spent auto-exploring this place.
 F = Levels seen in this place.
 G = Mean time per level.
                   A        B        C        D        E       F      G
               +--------+--------+--------+--------+--------+-----+--------+
         Total |   1228 |   1224 |      4 |      0 |    796 |   3 |  409.3 |
       Dungeon |   1228 |   1224 |      4 |      0 |    796 |   3 |  409.3 |
               +--------+--------+--------+--------+--------+-----+--------+

Top non-repeatable levels by time:
     D:1: 633 daAuts
     D:2: 471 daAuts
     D:3: 123 daAuts
